 Dungeon Crawl Stone Soup version 0.30-a0-553-g7fabdf1491 (webtiles) character file.

Game seed: 2547187700179986661

50 kae the Insei (level 3, -11/26 HPs)
             Began as a Demonspawn Transmuter on Dec 26, 2022.
             Shot with a sling bullet by a hobgoblin (13 damage)
             ... on level 2 of the Dungeon.
             The game lasted 00:01:26 (1078 turns).

kae the Insei (Demonspawn Transmuter)               Turns: 1078, Time: 00:01:26

Health: -11/26     AC:  2    Str: 10    XL:     3   Next: 55%
Magic:  5/6        EV: 12    Int: 16    God:
Gold:   23         SH:  0    Dex: 13    Spells: 1/7 levels left

rFire   . . .      SeeInvis .    d - +0 short sword
rCold   . . .      Faith    .    (no shield)
rNeg    . . .      Spirit   .    a - +0 robe
rPois   .          Reflect  .    (no helmet)
rElec   .          Harm     .    (no cloak)
rCorr   .          Rampage  .    (no gloves)
Will    .....                    (no boots)
Stlth   +                        (no amulet)
HPRegen 0.24/turn                (no ring)
MPRegen 0.10/turn                (no ring)

@: very slightly contaminated
A: claws 1, demonic guardian 1
a: no special abilities


You were on level 2 of the Dungeon.
You visited 1 branch of the dungeon, and saw 2 of its levels.

You collected 23 gold pieces.


Innate Abilities, Weirdness & Mutations

You have sharp fingernails.
A weak demonic guardian rushes to your aid.


   Skills:
 - Level 1.0 Fighting
 - Level 1.7 Dodging
 + Level 3.1 Unarmed Combat
 + Level 2.5 Spellcasting
 * Level 2.8 Transmutations


You had one spell level left.
You knew the following spells:

 Your Spells              Type           Power      Damage    Failure   Level
a - Beastly Appendage     Tmut           22%        N/A       6%          1
b - Wereblood             Tmut           11%        N/A       10%         2
c - Spider Form           Tmut/Pois      6%         N/A       32%         3

Your spell library contained the following spells:

 Spells                   Type           Power      Damage    Failure   Level
 Ice Form                 Ice/Tmut       6%         N/A       73%         4

Inventory:

Hand Weapons
 d - a +0 short sword (weapon)
   (You took it off a kobold on level 2 of the Dungeon)
Missiles
 e - 22 stones
Armour
 a - a +0 robe (worn)
Magical Staves
 k - a staff of fire {!a}
   (You found it on level 2 of the Dungeon)
Scrolls
 h - 2 scrolls of amnesia
 j - a scroll of teleportation {unknown}
Potions
 b - a potion of lignification {!q}
 c - a potion of cancellation {unknown}
 f - 2 potions of haste {unknown}
 g - a potion of brilliance {unknown}
 i - a potion of degeneration {unknown}
 m - a potion of heal wounds {unknown}

Dungeon Overview and Level Annotations

Branches:
Dungeon (2/15) Zot: 10924

Altars:

...............#..#**#
*,** *,
..##########...#>.#
*,,* *,
................†.#
**,* *,
################.##
*,* *, #.# *,* ****,
#(# *,* *,,,, #.# *,*
*,*** #5# *,* *,* #@#
*,* *,* #.# *,* *,***
#.#######*,* *,,,,
#.g....g.,,* *****
#########,,* *,,* ***
*,,* ,,**** *,,*
,,,,,*** *,,*


You could see a hobgoblin (ally target) and a friendly quasit (summoned).


Message History

You kill the giant cockroach!
You see here a giant cockroach corpse.
A ball python comes into view.
You see here 3 curare-tipped darts {=f}.
The ball python hisses angrily.
A quokka comes into view.
There are monsters nearby!
You hit the ball python. The ball python bites you.
The ball python barely misses you. 😕 HP[-1]
You take 1 damage, and now have 25/26 hp.
There are monsters nearby!
You hit the ball python.
You kill the ball python!
You miss the quokka. The quokka bites you.
A quokka is nearby!
You barely miss the quokka. The quokka bites you.
You hit the quokka. The quokka closely misses you.
The quokka bites you. 😕 HP[-5]
You take 5 damage, and now have 20/26 hp.
A quokka is nearby!
You hit the quokka but do no damage. The quokka bites you.
You hit the quokka but do no damage. The quokka misses you.
A quokka is nearby!
You closely miss the quokka. The quokka bites you.
You are too injured to fight recklessly! 😮 HP[-3]
You take 3 damage, and now have 17/26 hp.
A quokka is nearby!
You are too injured to fight recklessly!
You are too injured to fight recklessly!
A quokka is nearby!
You are too injured to fight recklessly!
You are too injured to fight recklessly!
A quokka is nearby!
You are too injured to fight recklessly!
You are too injured to fight recklessly!
A quokka is nearby!
You barely miss the quokka. The quokka bites you. 😮 HP[-3]
You take 3 damage, and now have 14/26 hp.
You hit the quokka but do no damage. The quokka closely misses you.
The quokka misses you.
Unknown command.
You miss the quokka. The quokka bites you.
* * * LOW HITPOINT WARNING * * *
😨 HP[-4]
You take 4 damage, and now have 10/26 hp.
You closely miss the quokka. The quokka closely misses you.
Unknown command.
You closely miss the quokka. The quokka barely misses you.
You hit the quokka but do no damage. The quokka closely misses you.
You hit the quokka but do no damage.
The quokka closely misses you. x2 😨 HP[+1]
You barely miss the quokka. The quokka misses you.
You closely miss the quokka. Your claw misses the quokka.
The quokka barely misses you.
You barely miss the quokka. The quokka barely misses you.
You hit the quokka. The quokka barely misses you. 😨 HP[+1]
You hit the quokka but do no damage. The quokka bites you.
* * * LOW HITPOINT WARNING * * *
The quokka closely misses you.
You hit the quokka.
You kill the quokka! 😨 HP[-3]
You take 3 damage, and now have 9/26 hp. 😨 HP[+1] Key pressed, stopping explore.
Unknown command. 😨 HP[+1]
A hobgoblin comes into view.
It is wielding the +8 sling of Tenacity {freeze, rElec}. 😨 HP[+2]
You regained 2 hp, and now have 13/26 hp.
A hobgoblin is nearby!
A hobgoblin is nearby!
You are too injured to fight recklessly!
You are too injured to fight recklessly! 😮 HP[+1]
You start resting.
A hobgoblin is nearby! 😮 HP[+1]
Casting: Beastly Appendage (safe; 6% risk of failure)
Confirm with . or Enter, or press ? or * to list all spells.
You miscast Beastly Appendage.
You are very lightly contaminated with residual magic.
Nothing appears to happen.
The hobgoblin shouts!
The hobgoblin shoots a sling bullet.
The sling bullet hits you!
* * * LOW HITPOINT WARNING * * *
The sling bullet freezes you.
* * * LOW HITPOINT WARNING * * *
A demonic guardian appears! 😱 HP[-13] MP[-1]
You take 13 damage, and now have 2/26 hp.
MASSIVE DAMAGE!! (PAUSE)
You lost 1 mp, and now have 5/6 mp.
The hobgoblin shoots a sling bullet.
The sling bullet hits you!
Ouch! That really hurt!
You die...

Skill      XL: |  1  2 |
---------------+-------+-----
Transmutations | 2 |  2.8
Unarmed Combat | 3 |  3.1
Fighting       | |  1.0
Dodging        | |  1.7
Spellcasting   | |  2.5

Action                   || total
-------------------------++-------
Melee: Unarmed           ||    48
       Kick              ||    10
       Headbutt          ||     5
       Short sword       ||    45
       Punch             ||     1
 Cast: Beastly Appendage ||    13
  Use: Scroll            ||     5
Armor: Robe              ||     7
Dodge: Dodged            ||    63

Levels and vault maps discovered:
D:1:      heliophobic_arrival_dark_side_of_the_moon, layout_loops_ring
D:2:      minmay_evil_eye, layout_loops_ring

Notes
Turn   | Place    | Note
-------+----------+-------------------------------------------
     0 | D:1      | kae the Demonspawn Transmuter began the quest for the Orb.
     0 | D:1      | Reached XP level 1. HP: 15/15 MP: 3/3
     0 | D:1      | magus.rc [v1.11.3]
   120 | D:1      | Reached skill level 2 in Transmutations
   184 | D:1      | Gained mutation: You have sharp fingernails. [demonic
                  | ancestry]
   184 | D:1      | Reached XP level 2. HP: 21/21 MP: 3/5
   564 | D:1      | Reached skill level 3 in Unarmed Combat
   752 | D:2      | Learned a level 2 spell: Wereblood
   774 | D:2      | Gained mutation: A weak demonic guardian rushes to your
                  | aid. [demonic ancestry]
   774 | D:2      | Reached XP level 3. HP: 26/26 MP: 4/6
   778 | D:2      | Learned a level 3 spell: Spider Form
  1070 | D:2      | Identified the +8 sling of Tenacity {freeze, rElec}
  1077 | D:2      | HP: 6/26 [hobgoblin/sling bullet (9)]
  1077 | D:2      | HP: 2/26 [hobgoblin/sling bullet (4)]
  1078 | D:2      | Shot with a sling bullet by a hobgoblin

Vanquished Creatures
  2 dart slugs
  5 ball pythons
  An endoplasm (D:1)
  2 giant cockroaches
  3 goblins
  3 hobgoblins (D:1)
  2 jackals (D:1)
  8 kobolds
  A quokka (D:2)
  A frilled lizard (D:1)
  A rat (D:1)
29 creatures vanquished.

Vanquished Creatures (collateral kills)
  An adder (D:2)
  An endoplasm (D:2)
  A ball python (D:2)
3 creatures vanquished.

Grand Total: 32 creatures vanquished

Table legend:
 A = Non-vault XP
 B = Vault XP
 C = Vault XP percentage of total XP
 D = Non-vault monster count
 E = Vault monster count
 F = Vault count percentage of total count
                 A         B        C        D         E       F
            +---------+---------+-------+---------+---------+-------
      Total |      58 |      14 |  19.4 |      30 |       2 |   6.2
            +---------+---------+-------+---------+---------+-------
        D:1 |      37 |       0 |   0.0 |      19 |       0 |   0.0
        D:2 |      21 |      14 |  40.0 |      11 |       2 |  15.4
            +---------+---------+-------+---------+---------+-------

Illustrated notes

Table legend:
 A = Kills in this place as a percentage of kills in entire the game.
 B = Kills by you in this place as a percentage of kills by you in the entire game.
 C = Kills by friends in this place as a percentage of kills by friends in the entire game.
 D = Other kills in this place as a percentage of other kills in the entire game.
 E = Experience gained in this place as a percentage of experience gained in the entire game.
 F = Experience gained in this place divided by the number of levels of this place that you have seen.
                   A       B       C       D       E      F
               +-------+-------+-------+-------+-------+----------------------
         Total | 100.0 | 100.0 | 100.0 |   N/A | 100.0 |  36.0
       Dungeon | 100.0 | 100.0 | 100.0 |   N/A | 100.0 |  36.0
               +-------+-------+-------+-------+-------+----------------------

Table legend: (Time is in decaauts)
 A = Elapsed time spent in this place.
 B = Non-inter-level travel time spent in this place.
 C = Inter-level travel time spent in this place.
 D = Time resting spent in this place.
 E = Time spent auto-exploring this place.
 F = Levels seen in this place.
 G = Mean time per level.
                   A        B        C        D        E       F      G
               +--------+--------+--------+--------+--------+-----+--------+
         Total |   1074 |   1016 |     58 |      7 |    781 |   2 |  537.0 |
       Dungeon |   1074 |   1016 |     58 |      7 |    781 |   2 |  537.0 |
               +--------+--------+--------+--------+--------+-----+--------+

Top non-repeatable levels by time:
     D:1: 745 daAuts
     D:2: 329 daAuts
